 Dungeon Crawl Stone Soup version 0.31.0-12-g77e489cdc1 (webtiles) character file.

Game seed: 15155915888214851253

1625694 octoduck the Metallomancer (level 27, 171/171 HPs)
             Began as a Gargoyle Earth Elementalist on Feb 4, 2024.
             Was the Champion of Vehumet.
             Escaped with the Orb
             ... and 4 runes on Feb 16, 2024!
             The game lasted 09:37:03 (137492 turns).

octoduck the Metallomancer (GrEE)                 Turns: 137492, Time: 09:37:03

Health: 171/171    AC: 40    Str: 13 (14) XL:     27
Magic:  41/41      EV: 18    Int: 32 (34) God:    Vehumet [******]
Gold:   7204       SH: 23    Dex: 15 (16) Spells: 1/54 levels left

rFire   + + .        k - +3 Elemental Staff {ele, rElec rF+ rC+ AC+3}
rCold   + + +        u - +5 kite shield {AC+3}
rNeg    + . .        v - +1 robe of Vines {NoPotionHeal Regen++++}
rPois   ∞            g - +2 helmet
rElec   +            I - scarf {repulsion}
rCorr   .            G - +2 pair of gloves {Dex+3}
SInv    +            n - +1 pair of boots {Fly}
Will    ++...        c - amulet of the Tempest {Reflect *Corrode rElec rC+++ Dex+3 SH+5}
Stlth   +            l - ring of the Burgomaster {rF+ SInv}
HPRegen 3.68/turn    f - +6 ring of intelligence
MPRegen 0.27/turn

%: random rage (3%), corrode self (3%), repel missiles, reflection
@: flying
A: sickness immunity, AC +20, big wings, negative energy resistance 1,
electricity resistance, torment resistance 1, petrification resistance, berserk
1, deterioration 1, frail 1, subdued magic 1
0: Orb of Zot
}: 4/15 runes: decaying, serpentine, slimy, silver
a: Renounce Religion


You escaped.
You worshipped Vehumet.
Vehumet was exalted by your worship.
You visited 12 branches of the dungeon, and saw 56 of its levels.

You collected 8849 gold pieces.
You spent 1645 gold pieces at shops.

Inventory:

Hand Weapons
 k - the +3 Elemental Staff (weapon) {ele, rElec rF+ rC+ AC+3}
   (You found it on level 3 of the Elven Halls)

   AC+3:      It affects your AC (+3).
   rF+:       It protects you from fire.
   rC+:       It protects you from cold.
   rElec:     It insulates you from electricity.
Missiles
 m - 4 throwing nets
Armour
 g - a +2 helmet (worn)
 n - a +1 pair of boots of flying (worn)
 u - a +5 kite shield of protection (worn)
 v - the +1 robe of Vines (worn) {NoPotionHeal Regen++++}
   (You took it off a nagaraja on level 4 of the Snake Pit)

   NoPotionHeal: Its wearer cannot be healed by potions.
   Regen++++: It increases your rate of health regeneration.
 G - a +2 pair of gloves of dexterity (worn)
 I - a scarf of repulsion (worn)
Jewellery
 c - the amulet of the Tempest (around neck) {Reflect *Corrode rElec rC+++ Dex+3 SH+5}
   (You acquired it on level 2 of the Snake Pit)

   [amulet of reflection]

   Reflect:   It reflects blocked missile attacks.
   Dex+3:     It affects your dexterity (+3).
   rC+++:     It renders you almost immune to cold.
   rElec:     It insulates you from electricity.
   *Corrode:  It may corrode you when you take damage.
   SH+5:      It affects your SH (+5).
 f - a +6 ring of intelligence (right hand)
 l - the ring of the Burgomaster (left hand) {rF+ SInv}
   (You took it off a spriggan berserker on level 3 of the Depths)

   [ring of see invisible]

   rF+:       It protects you from fire.
   SInv:      It lets you see invisible.
 w - the ring of Meeck {Fly Will+ Dex+6}
   (You took it off a deep elf annihilator on level 3 of the Elven Halls)

   [ring of dexterity]

   Dex+6:     It affects your dexterity (+6).
   Will+:     It increases your willpower.
   Fly:       It grants you flight.
 z - a ring of protection from fire
 H - a ring of wizardry
 V - an amulet of regeneration
Wands
 y - a wand of acid (56)
 D - a wand of polymorph (55)
 J - a wand of flame (72)
 K - a wand of charming (15)
 N - a wand of digging (29)
 S - a wand of iceblast (44)
 X - a wand of mindburst (36)
Scrolls
 e - 8 scrolls of fear
 h - 3 scrolls of vulnerability
 o - 12 scrolls of fog
 p - a scroll of enchant armour
 t - 14 scrolls of blinking
 x - 2 scrolls of enchant weapon
 B - 4 scrolls of immolation
 C - 4 scrolls of butterflies
 F - 3 scrolls of poison
 L - 6 scrolls of silence
 P - 3 scrolls of amnesia
 Q - 13 scrolls of teleportation
 Z - a scroll of revelation
Potions
 b - 3 potions of magic
 d - 2 potions of invisibility
 i - 7 potions of resistance
 j - 21 potions of curing
 q - 5 potions of brilliance
 s - 3 potions of cancellation
 A - 9 potions of ambrosia
 E - 2 potions of enlightenment
 M - 3 potions of haste
 O - 4 potions of attraction
 R - 11 potions of heal wounds
 T - 2 potions of might
Miscellaneous
 a - a sack of spiders
 r - a phial of floods
 U - a phantom mirror
 W - a condenser vane
 Y - a lightning rod (4/4)


   Skills:
 + Level 24.2 Fighting
 - Level 11.9 Armour
 - Level 13.4 Dodging
 - Level 5.5 Stealth
 - Level 12.9 Shields
 - Level 14.0 Spellcasting
 - Level 17.2 Conjurations
 - Level 15.4 Summonings
 + Level 10.2 Necromancy
 - Level 14.9 Translocations
 - Level 7.5 Fire Magic
 - Level 6.5 Ice Magic
 - Level 5.0 Air Magic
 + Level 24.6 Earth Magic
 - Level 6.2 Evocations


You had one spell level left.
You knew the following spells:

 Your Spells              Type           Power      Damage    Failure   Level
a - Sandblast             Erth           100%       2d20      0%          1
b - Fireball              Conj/Fire      43%        3d17      1%          5
c - Freezing Cloud        Conj/Ice/Air   49%        6-21      1%          5
d - Lehudib's Crystal Sp  Conj/Erth      55%        10d13     1%          8
e - Blink                 Tloc           100%       N/A       0%          2
f - Iskenderun's Battles  Conj           80%        2d13      1%          5
g - Shatter               Erth           59%        3d44*     4%          9
h - Conjure Ball Lightni  Conj/Air       41%        3x3d13    1%          6
i - Malign Gateway        Summ/Tloc      37%        N/A       5%          7
j - Borgnjor's Vile Clut  Necr/Erth      50%        N/A       1%          5

Your spell library contained the following spells:

 Spells                   Type           Power      Damage    Failure   Level
 Maxwell's Capacitive Co  Air            29%        ∞         99%         8
 Apportation              Tloc           100%       N/A       0%          1
 Foxfire                  Conj/Fire      100%       2x1d9     0%          1
 Kiss of Death            Conj/Necr      100%       2d13      0%          1
 Magic Dart               Conj           100%       1d8       0%          1
 Shock                    Conj/Air       100%       1d9       0%          1
 Freeze                   Ice            100%       1d10      1%          1
 Necrotise                Necr           100%       1d9       1%          1
 Sting                    Conj/Alch      100%       1d9       1%          1
 Slow                     Hex            68%        N/A       3%          1
 Call Imp                 Summ           100%       N/A       0%          2
 Lesser Beckoning         Tloc           100%       N/A       0%          2
 Momentum Strike          Conj/Tloc      100%       3d10      0%          2
 Call Canine Familiar     Summ           76%        N/A       0%          3
 Gell's Gravitas          Tloc           74%        N/A       0%          3
 Passwall                 Erth           100%       N/A       0%          3
 Stone Arrow              Conj/Erth      100%       3d13      0%          3
 Teleport Other           Tloc           74%        N/A       0%          3
 Animate Armour           Summ/Erth      100%       N/A       0%          4
 Brom's Barrelling Bould  Conj/Erth      100%       2d11      0%          4
 Lee's Rapid Deconstruct  Erth           59%        3d27*     0%          5
 Ensorcelled Hibernation  Hex/Ice        100%       N/A       1%          2
 Mercury Vapours          Alch/Air       88%        N/A       1%          2
 Dazzling Flash           Conj/Hex       100%       N/A       1%          3
 Frozen Ramparts          Ice            100%       1d16      1%          3
 Fugue of the Fallen      Necr           61%        N/A       1%          3
 Hailstorm                Conj/Ice       85%        3d14      1%          3
 Inner Flame              Hex/Fire       52%        N/A       1%          3
 Mephitic Cloud           Conj/Alch/Air  69%        N/A       1%          3
 Ozocubu's Armour         Ice            65%        N/A       1%          3
 Swiftness                Air            59%        N/A       1%          3
 Vampiric Draining        Necr           61%        2d10      1%          3
 Airstrike                Air            29%        2d(5-21)  1%          4
 Animate Dead             Necr           61%        N/A       1%          4
 Dimensional Bullseye     Hex/Tloc       26%        N/A       1%          4
 Dispel Undead            Necr           61%        3d21      1%          4
 Flame Wave               Conj/Fire      87%        2d19      1%          4
 Ignite Poison            Fire/Alch      52%        N/A       1%          4
 Iskenderun's Mystic Bla  Conj/Tloc      77%        2d15      1%          4
 Manifold Assault         Tloc           74%        N/A       1%          4
 Martyr's Knell           Necr/Summ      69%        N/A       1%          4
 Passage of Golubria      Tloc           74%        N/A       1%          4
 Petrify                  Alch/Erth      86%        N/A       1%          4
 Sticky Flame             Fire/Alch      52%        2d9       1%          4
 Summon Lightning Spire   Summ/Air       80%        N/A       1%          4
 Arcjolt                  Conj/Air       41%        1d51      1%          5
 Curse of Agony           Necr           61%        N/A       1%          5
 Irradiate                Conj/Alch      28%        3d21      1%          5
 Bombard                  Conj/Erth      55%        9d9       1%          6
 Dispersal                Tloc           37%        N/A       1%          6
 Starburst                Conj/Fire      43%        6d12      1%          6
 Orb of Destruction       Conj           40%        9d11      1%          7
 Jinxbite                 Hex            34%        N/A       4%          2
 Anguish                  Hex/Necr       21%        N/A       4%          4
 Summon Hydra             Summ           38%        N/A       4%          7
 Death Channel            Necr           30%        N/A       8%          6
 Olgreb's Toxic Radiance  Alch           17%        N/A       10%         4
 Confusing Touch          Hex            17%        N/A       11%         3
 Sigil of Binding         Hex            17%        N/A       11%         3
 Tukima's Dance           Hex            17%        N/A       11%         3
 Plasma Beam              Fire/Air       41%        2x1d55    11%         6
 Metabolic Englaciation   Hex/Ice        25%        N/A       26%         5
 Yara's Violent Unravell  Hex/Alch       8%         3d5       26%         5
 Cause Fear               Hex            8%         N/A       34%         4
 Silence                  Hex/Air        22%        N/A       34%         5
 Summon Horrible Things   Summ           38%        N/A       38%         8
 Ozocubu's Refrigeration  Ice            32%        4d14      47%         7
 Disjunction              Tloc           37%        N/A       47%         8
 Alistair's Intoxication  Alch           11%        N/A       71%         5
 Eringya's Noxious Bog    Alch           8%         4d6       78%         6
 Sculpt Simulacrum        Ice/Alch       25%        N/A       83%         6
 Ignition                 Fire           34%        3d11      94%         8
 Borgnjor's Revivificati  Necr           30%        N/A       98%         8
 Enfeeble                 Hex            8%         N/A       100%        7
 Chain Lightning          Conj/Air       41%        3d55      100%        9
 Death's Door             Necr           30%        N/A       100%        9
 Dragon's Call            Summ           38%        N/A       100%        9
 Polar Vortex             Ice            32%        12d4*     100%        9
 Cigotuvi's Dreadful Rot  Necr/Alch/Air  Unusable   N/A       N/A         2
 Sublimation of Blood     Necr           Unusable   N/A       N/A         2

Dungeon Overview and Level Annotations

Branches:
Dungeon (15/15)            Temple (1/1) D:6            Lair (5/5) D:10
  Swamp (4/4) Lair:3        Snake (4/4) Lair:3        Slime (5/5) Lair:4
    Orc (2/2) D:10            Elf (3/3) Orc:2        Vaults (5/5) D:14
  Crypt (3/3) Vaults:3       Tomb (0/3) Crypt:3      Depths (4/4) D:15
    Zot (5/5) Depths:4

Altars:
Ashenzari
Cheibriados
Dithmenos
Elyvilon
Fedhas
Gozag
Hepliaklqana
Kikubaaqudgha
Makhleb
Nemelex Xobeh
Okawaru
Qazlal
Ru
Sif Muna
Trog
Uskayaw
Vehumet
Wu Jian
Xom
Yredelemnul
Zin
The Shining One
Jiyva

Shops:
D:5 (   D:8 :   D:11 (   Orc:2 *:([   Elf:3 *   Vaults:3 *   Depths:3 =::

Portals:
Hell: Depths:1 Depths:2 Depths:3 Depths:4
Abyss: Crypt:2 Depths:2 Depths:3 Depths:4
Pandemonium: Depths:2 Depths:3 Depths:4
Ziggurat: Depths:3

Annotations:
D:15 exclusion: 2 doors
Elf:2 3 runed translucent doors
Crypt:2 2 transporters, Nyubb's ghost, veteran MiGl
Depths:3 exclusions: angel, daeva and 2 more exclusions
Zot:2 3 runed translucent doors, exclusion: 3 doors, bayes525's ghost, veteran MiBe
Zot:5 6 transporters


Innate Abilities, Weirdness & Mutations

You are immune to sickness and miasma.
Your stone body is resilient. (AC +20)
You are immune to poison.
Your large and strong wings let you fly.
You resist negative energy. (rN+)
You are resistant to electric shocks. (rElec)
You are resistant to unholy torment.
You are immune to petrification.
You sometimes lose your temper in combat.
Your body sometimes deteriorates upon taking damage.
You are frail. (-10% HP)
Your spells are a little easier to cast, but a little less powerful.


Message History

a +0 robe; a +0 dagger
Things that are here:
a +0 leather armour; a +0 hand axe
There is a stone staircase leading up here.
You fly upwards.
There is a stone staircase leading down here.
You see here a +0 flail.
V - an amulet of regeneration A reaper comes into view.
It is wielding a +2 scythe of flaming.
There is a stone staircase leading up here.
You fly upwards.
There is a stone staircase leading down here.
What level of the Dungeon? (default 1, ? - help)
You see here 6 stones.
There is a stone staircase leading up here.
You fly upwards.
There is a stone staircase leading down here.
An efreet comes into view.
It is wielding a +4 scimitar of flaming.
Casting: Malign Gateway (dangerous; 5% risk of failure)
Confirm with . or Enter, or press ? or * to list all spells.
Aiming: Lehudib's Crystal Spear (dangerous; 1% risk of failure)
Press: ? - help, Shift-Dir - straight line, f - efreet
Aim: an efreet, wielding a +4 scimitar of flaming (94% to hit)
You feel a surge of power!
The crystal spear hits the efreet!!!!
You kill the efreet!
Vehumet accepts your kill.
You feel your power returning.
What level of the Dungeon? (default 1, ? - help)
You see here a +4 scimitar of flaming.
Magic restored.
There is a staircase leading out of the dungeon here.
Okay, then.
What are your orders? t - Shout!
Orders for allies: a - Attack new target. r - Retreat! s - Stop attacking. g - Guard the area. f - Follow me.
Anything else - Cancel.
Stop fighting!
You have escaped!

####################........#
...##...##.#..#..# #.#.#.#..#
.#....##.#..##..## #........#
#....#...#.#.##..# #.#.#.#..#
.......#.###.#..####........#
.#...#..#...#.#####..#.#.#..#
#..#...#.######..##......÷..#
..#...#.##.#...#.##......#..# ##
......##.##..###@##.#...##..# #.
#...#..#.#.###..###.#...##..####.
#..#.#.##.###.#..##.....##.......
..#(.#..#.#...##.##.##..###.####.
.##..#..##.####..##.##..# #.# #.
.#.....#.#..#..####.....# #.####.
#.#...#..##..##..##.###.###......
#...#..##...#....##.# #.....#####
###################.###.##..#


There were no monsters in sight!

Vanquished Creatures
  the Royal Jelly (Slime:5)
  7 dread liches
  3 orbs of fire (Zot:5)
  Mara (Snake:4)
  A Killer Klown (Zot:5)
  Parghit (Depths:3)
  2 curse toes
  8 golden dragons
  Jorgrun (D:15)
  2 deep elf blademasters (Elf:3)
  3 liches
  A walking crystal tome (Depths:2)
  18 tentacled monstrosities
  3 titans (Vaults:5)
  8 Orb Guardians (Zot:5)
  A deep elf master archer (Elf:3)
  17 acid blobs
  5 ancient champions (Crypt:3)
  7 sphinxes
  An eldritch tentacle (Crypt:3)
  11 storm dragons
  9 shadow dragons
  A thorn hunter (Swamp:4)
  2 death cobs (Zot:4)
  2 revenants
  10 azure jellies
  7 tengu reavers
  2 draconian knights
  Donald (Snake:1)
  6 nagarajas
  A fenstrider witch (Swamp:2)
  Roxanne (Swamp:2)
  A protean progenitor (Zot:4)
  2 iron dragons
  9 fire giants
  6 deep elf sorcerers
  6 rockslimes
  20 vault wardens
  6 frost giants
  5 draconian shifters
  2 ghost moths
  A draconian stormcaller (Zot:2)
  4 draconian scorchers
  3 orc warlords
  2 curse skulls
  4 draconian annihilators
  6 deep elf elementalists
  10 quicksilver oozes
  2 ghouls
  27 very ugly things
  The ghost of Swimmer the Peltast, a journeyman MiFi of Ru (Depths:1)
  18 stone giants
  9 formless jellyfish
  15 ironbound preservers
  3 spriggan defenders
  6 ironbound thunderhulks
  4 green draconians
  2 vampire knights
  3 eleionomae (Swamp:3)
  8 black draconians
  5 red draconians
  Nessos (D:15)
  2 deep elf demonologists
  13 deep elf annihilators
  7 deep elf death magi
  12 dire elephants
  5 bunyips
  3 white draconians
  2 purple draconians
  4 spark wasps
  The ghost of gummybears the Martial Artist, a journeyman OpSh of Wu Jian (Lair:3)
  3 war gargoyles (Vaults:5)
  Snorg (D:10)
  Azrael (Orc:2)
  5 yellow draconians
  14 ettins
  2 blizzard demons
  A merfolk javelineer (Depths:2)
  A mummy priest (Crypt:3)
  2 merfolk impalers (D:13)
  15 fire dragons
  Josephine (D:14)
  A fenstrider witch zombie (Crypt:1)
  A shambling mangrove (Swamp:3)
  11 yaktaur captains
  2 spriggan zombies
  8 deep elf high priests
  6 jiangshi
  14 great orbs of eyes
  The ghost of Liimbo the Fighter, a journeyman FoWn of Cheibriados (D:13)
  7 rakshasas
  4 salamander tyrants
  39 vault guards
  4 ice dragons
  A sphinx zombie (Depths:2)
  6 alligators
  6 ogre magi
  7 anacondas
  5 catoblepae
  A peacekeeper (Vaults:3)
  23 hydras
  2 ghost crabs
  13 ironbound frosthearts
  Erolcha (D:11)
  28 centaur warriors
  4 spriggan air magi
  2 fenstrider witch skeletons (Crypt:1)
  Erica (D:9)
  5 two-headed ogres
  6 death yaks
  The ghost of Biggs the Severer, a novice MiFi of Okawaru (D:8)
  11 boulder beetles
  11 naga warriors
  A two-headed ogre (shapeshifter) (Vaults:5)
  Urug (Orc:1)
  6 deep troll shamans
  10 tengu warriors
  3 occultists (Depths:2)
  12 dancing weapons
  4 deep troll earth magi
  10 spriggan berserkers
  An orc high priest (Orc:2)
  5 vampire magi
  13 naga sharpshooters
  Nergalle (Orc:2)
  11 deep elf knights
  8 shock serpents
  5 hell knights
  7 iron trolls
  12 skeletal warriors
  2 storm dragon zombies
  A goliath frog (Swamp:1)
  2 shadow wraiths
  A sixfirhy (D:15)
  An anaconda zombie (Crypt:1)
  33 deep trolls
  5 salamander mystics
  2 spriggan druids
  12 swamp dragons
  6 flayed ghosts
  3 arcanists
  3 mana vipers
  A swamp dragon (shapeshifter) (Elf:1)
  An orb spider (shapeshifter) (Vaults:5)
  A bunyip skeleton (Crypt:3)
  12 lindwurms
  3 naga ritualists
  8 deep elf archers
  An obsidian statue (D:9)
  7 glowing orange brains
  6 necromancers
  A harpy (shapeshifter) (D:15)
  25 ironbound convokers
  A shock serpent (shapeshifter) (Vaults:5)
  6 phantasmal warriors
  A bog body (Swamp:1)
  10 orc knights
  An anaconda skeleton (Crypt:1)
  A shadow dragon zombie (Crypt:2)
  17 deep elf zephyrmancers
  4 orc sorcerers
  11 shining eyes
  22 ugly things
  12 salamanders
  An eleionoma zombie (Crypt:1)
  A frost giant zombie (Depths:2)
  4 oklob plants (Lair:4)
  23 deep elf pyromancers
  2 stone giant zombies
  2 wolf spiders (D:15)
  A faun (shapeshifter) (Vaults:5)
  3 will-o-the-wisps
  A manticore (shapeshifter) (Depths:3)
  A fire giant zombie (Vaults:3)
  6 large abominations
  2 human zombies (Vaults:1)
  8 cyclopes
  5 manticores
  3 meliai (D:14)
  17 moths of wrath
  24 vault sentinels
  15 elephants
  3 kobold blastminers (Orc:2)
  12 naga magi
  A guardian serpent (shapeshifter) (Vaults:5)
  A frost giant skeleton (Depths:2)
  A fire giant skeleton (Depths:2)
  3 guardian serpents
  A water nymph (shapeshifter) (Depths:1)
  3 centaur zombies
  A black mamba (shapeshifter) (D:13)
  21 black mambas
  9 cane toads
  An ice statue (D:10)
  2 torpor snails
  A yaktaur (shapeshifter) (Depths:3)
  5 rime drakes
  An unseen horror (shapeshifter) (D:15)
  A steelbarb worm zombie (Crypt:2)
  Jeremiah (D:7)
  A hellion (Depths:3)
  A dire elephant skeleton (Crypt:2)
  An unseen horror (Zot:5)
  10 komodo dragons
  17 yaktaurs
  A swamp worm zombie (Crypt:3)
  A tormentor (Depths:1)
  3 efreet
  A purple draconian skeleton (Crypt:3)
  5 tengu conjurers
  3 freezing wraiths
  A minotaur zombie (Crypt:2)
  A kobold demonologist (D:14)
  A sea snake skeleton (Crypt:1)
  A yaktaur skeleton (Vaults:3)
  A green draconian skeleton (Crypt:3)
  4 trolls
  A troll (shapeshifter) (D:14)
  A queen bee (Lair:2)
  A polar bear (Lair:3)
  3 bloated husks
  A queen bee (shapeshifter) (D:13)
  Grinder (D:4)
  A harpy skeleton (Crypt:1)
  22 hornets
  8 glass eyes
  9 nameless horrors
  9 tyrant leeches
  10 blink frogs
  110 slime creatures
  13 dream sheep
  3 centaur simulacra
  7 water elementals
  20 spriggans
  2 air elementals (Elf:1)
  A shadow (D:11)
  8 wyverns
  A vampire (D:12)
  48 yaks
  An ice dragon skeleton (Crypt:1)
  6 fire elementals
  A basilisk (shapeshifter) (D:15)
  8 basilisks
  7 wraiths
  5 wargs
  A human (shapeshifter) (D:15)
  6 steam dragons
  3 golden eyes
  9 vampire mosquitoes
  Eustachio (D:5)
  A spriggan simulacrum (Depths:2)
  A glowing shapeshifter zombie (Vaults:1)
  A harpy simulacrum (D:15)
  43 nagas
  16 swamp worms
  Edmund (D:6)
  2 acid dragons
  19 water moccasins
  3 hell hounds (Orc:1)
  A fire bat skeleton (Crypt:3)
  11 swamp drakes
  A meliai simulacrum (D:14)
  A cane toad skeleton (Crypt:2)
  14 ice beasts
  25 orc warriors
  A black bear (D:4)
  6 laughing skulls
  A boggart (D:15)
  7 ogres
  27 centaurs
  8 wolves
  A torpor snail zombie (Crypt:3)
  2 kobold brigands
  11 bullfrogs
  9 earth elementals
  2 necrophages (Crypt:1)
  2 scorpions
  6 small abominations (D:12)
  4 wights (D:8)
  32 killer bees
  A spriggan skeleton (Crypt:1)
  13 electric eels
  6 howler monkeys
  A lava snake (Snake:1)
  A bullfrog zombie (Crypt:1)
  A bombardier beetle (D:4)
  19 jellies
  A basilisk zombie (Crypt:1)
  11 orc priests
  4 gnoll boudas
  3 hounds (D:6)
  7 iguanas
  A sleepcap (D:4)
  Ijyb (D:4)
  22 orc wizards
  A hell rat (Lair:2)
  A sky beast zombie (Crypt:3)
  2 adders
  19 gnolls
  A river rat (Lair:2)
  A white imp (D:5)
  2 ufetubi (D:6)
  A lava snake skeleton (Crypt:3)
  4 dart slugs
  52 orcs
  6 endoplasms
  3 giant cockroaches
  7 goblins
  9 hobgoblins
  7 jackals
  23 kobolds
  6 quokkas
  3 ball pythons
  A ball python skeleton (Crypt:1)
  10 bats
  A dart slug zombie (Crypt:2)
  2 frilled lizards
  A kobold skeleton (Crypt:3)
  A quokka skeleton (Crypt:2)
  7 rats
  3 aspiring fleshes (Zot:5)
2088 creatures vanquished.

Vanquished Creatures (collateral kills)
  Frederick (Depths:3)
  4 orbs of fire
  An ancient lich (Zot:5)
  Boris (Depths:4)
  Margery (Vaults:5)
  A curse toe (Zot:4)
  3 Killer Klowns (Zot:5)
  2 golden dragons
  A bone dragon (Crypt:3)
  A Tzitzimitl (Zot:1)
  3 electric golems (Zot:5)
  A hellephant (Vaults:5)
  7 tentacled monstrosities
  16 Orb Guardians (Zot:5)
  A titan (Vaults:5)
  3 quicksilver dragons
  2 acid blobs
  5 ancient champions
  An eldritch tentacle (Zot:5)
  9 storm dragons
  6 death cobs
  A shadow dragon (Zot:3)
  5 protean progenitors
  A revenant (Crypt:3)
  3 draconian monks
  3 draconian shifters
  A deep elf sorcerer (Elf:3)
  4 draconian scorchers (Zot:2)
  A ghost moth (Zot:5)
  2 ghouls (Crypt:1)
  An ironbound preserver (Vaults:5)
  A draconian stormcaller (Zot:4)
  2 stone giants
  2 quicksilver oozes
  3 draconian annihilators
  A reaper (Depths:2)
  3 very ugly things
  3 vampire knights (Crypt:1)
  A deep elf demonologist (Elf:3)
  A green draconian (Zot:5)
  3 white draconians
  5 yellow draconians
  3 red draconians
  A deep elf death mage (Crypt:1)
  2 purple draconians
  An eidolon (Crypt:3)
  A mummy priest (Crypt:3)
  8 jiangshi
  A deep elf high priest (Elf:3)
  A bennu zombie (Crypt:3)
  A hell beast (Depths:2)
  A death knight (Crypt:1)
  2 radroaches (Zot:3)
  A boulder beetle (Zot:5)
  3 dancing weapons
  7 vampire magi
  A hell knight (Vaults:5)
  A sun demon (Depths:3)
  A shadow wraith (Crypt:3)
  3 deep elf knights
  18 skeletal warriors
  2 flayed ghosts
  A sun moth (Zot:5)
  A deep elf archer (Elf:1)
  3 deep elf zephyrmancers
  7 phantasmal warriors
  An ugly thing (Vaults:5)
  5 deep elf pyromancers
  An iron dragon skeleton (Crypt:3)
  6 moths of wrath
  A titan simulacrum (Crypt:3)
  2 unseen horrors (Zot:5)
  A death yak zombie (Crypt:3)
  2 swamp worm zombies (Crypt:1)
  An orb spider zombie (Crypt:3)
  A guardian mummy (Crypt:3)
  A nameless horror (Depths:4)
  A glass eye (Slime:5)
  21 slime creatures
  A wraith (Crypt:1)
  3 ushabtiu (Crypt:3)
  A water elemental (Elf:1)
  2 yaks
  A redback (Zot:5)
  7 laughing skulls
  An elephant zombie (Crypt:2)
  A swamp drake skeleton (Crypt:1)
  An orc (D:12)
  2 aspiring fleshes (Zot:5)
  3 ball lightnings
  47 boulders
  6 foxfires
308 creatures vanquished.

Vanquished Creatures (others)
  An Orb Guardian (Zot:5)
  118 eldritch tentacles
  A storm dragon (Vaults:5)
  A tengu reaver (Vaults:5)
  A draconian scorcher (Zot:1)
  A red draconian (Zot:4)
  An ogre mage (D:15)
  A deep elf knight (D:13)
  An orc knight (D:15)
  A deep elf zephyrmancer (Elf:1)
  A deep elf pyromancer (D:15)
  A will-o-the-wisp (Swamp:2)
  An unseen horror (shapeshifter) (D:14)
  2 bloated husks (Swamp:2)
  A slime creature (Slime:4)
  2 vampire mosquitoes (Swamp:2)
  299 ball lightnings
  49 boulders
  667 foxfires
1150 creatures vanquished.

Grand Total: 3546 creatures vanquished

Notes
Turn   | Place    | Note
-------+----------+-------------------------------------------
     0 | D:1      | octoduck the Gargoyle Earth Elementalist began the quest
                  | for the Orb.
     0 | D:1      | Reached XP level 1. HP: 10/10 MP: 3/3
    86 | D:1      | Reached XP level 2. HP: 15/15 MP: 0/5
   599 | D:1      | Reached XP level 3. HP: 17/19 MP: 1/6
  1267 | D:2      | Found a faded altar of an unknown god.
  1841 | D:2      | Found an opulent altar of Gozag.
  2080 | D:2      | Reached XP level 4. HP: 24/24 MP: 5/7
  3108 | D:3      | Reached skill level 5 in Earth Magic
  3687 | D:3      | Found an iron altar of Okawaru.
  4158 | D:4      | Reached XP level 5. HP: 28/28 MP: 6/8
  4573 | D:4      | Noticed Grinder
  4642 | D:4      | Reached XP level 6. HP: 32/32 MP: 7/9
  4679 | D:4      | You fall into a shaft and drop 3 floors!
  4680 | D:7      | Noticed a steam dragon
  4725 | D:7      | Noticed a yak
  4725 | D:7      | Noticed a yak
  4725 | D:7      | Noticed a yak
  4725 | D:7      | Noticed a yak
  4763 | D:6      | Found a staircase to the Ecumenical Temple.
  4785 | Temple   | Found a transporter.
  4785 | Temple   | Found a transporter.
  4785 | Temple   | Found a transporter.
  4785 | Temple   | Found a transporter.
  4785 | Temple   | Entered the Ecumenical Temple
  4803 | Temple   | Became a worshipper of Vehumet
  4851 | D:5      | Entered Level 5 of the Dungeon
  4954 | D:5      | Reached skill level 5 in Conjurations
  5009 | D:5      | Learned a level 3 spell: Stone Arrow
  5198 | D:5      | Reached XP level 7. HP: 36/36 MP: 8/10
  5556 | D:5      | Noticed Eustachio
  6500 | D:4      | Noticed Ijyb
  6503 | D:4      | Killed Ijyb
  6620 | D:4      | Killed Grinder
  6621 | D:4      | Reached skill level 5 in Stealth
  6621 | D:4      | Reached XP level 8. HP: 39/41 MP: 0/11
  6723 | D:4      | Reached * piety under Vehumet
  6723 | D:4      | Offered knowledge of Foxfire by Vehumet.
  6726 | D:4      | Learned a level 1 spell: Foxfire
  6770 | D:4      | Reached skill level 1 in Fighting
  7504 | D:5      | Learned a level 4 spell: Brom's Barrelling Boulder
  8074 | D:5      | Found Nurytoex's Weapon Emporium.
  8169 | D:5      | Killed Eustachio
  8568 | D:6      | Noticed Edmund
  8578 | D:6      | Killed Edmund
  8759 | D:6      | Reached XP level 9. HP: 52/52 MP: 6/12
  9270 | D:6      | Found a sacrificial altar of Ru.
  9416 | D:7      | Noticed Jeremiah
  9909 | D:7      | Reached skill level 5 in Fighting
 10049 | D:7      | Reached skill level 10 in Earth Magic
 10209 | D:7      | Offered knowledge of Searing Ray by Vehumet.
 10509 | D:7      | Learned a level 2 spell: Blink
 10952 | D:8      | Found a large runed translucent door.
 11046 | D:8      | Reached XP level 10. HP: 61/61 MP: 9/13
 11271 | D:8      | Found a large runed translucent door.
 11274 | D:8      | Noticed Biggs's ghost (novice MiFi)
 11297 | D:8      | Reached ** piety under Vehumet
 11969 | D:8      | Found Boomiossi's Book Shop.
 12870 | D:9      | Reached skill level 1 in Shields
 13496 | D:9      | Noticed Erica
 13910 | D:7      | Killed Jeremiah
 14156 | D:10     | Entered Level 10 of the Dungeon
 14184 | D:10     | Identified the +0 scale mail of Gallantry {rF+ rN+ Int-4
                  | SInv}
 14598 | D:9      | Learned a level 3 spell: Passwall
 14923 | D:10     | Reached skill level 10 in Conjurations
 14923 | D:10     | Reached skill level 1 in Fire Magic
 14928 | D:10     | Reached skill level 5 in Shields
 15011 | D:9      | Offered knowledge of Scorch by Vehumet.
 15321 | D:10     | Found a staircase to the Lair.
 15328 | D:10     | Found a hazy altar of Hepliaklqana.
 15441 | D:10     | Reached XP level 11. HP: 67/67 MP: 11/15
 15489 | D:10     | Found a staircase to the Orcish Mines.
 15666 | Lair:1   | Entered Level 1 of the Lair of Beasts
 15820 | Lair:1   | Reached *** piety under Vehumet
 15940 | Lair:1   | Identified the +0 robe of Amorality {Harm rF++ rCorr}
 16717 | Lair:1   | Reached skill level 5 in Fire Magic
 17370 | Lair:1   | Reached skill level 1 in Evocations
 17385 | Lair:1   | Noticed a catoblepas
 18794 | Lair:1   | Reached skill level 5 in Evocations
 18794 | Lair:1   | Reached XP level 12. HP: 76/76 MP: 8/16
 19044 | Lair:1   | Offered knowledge of Ignite Poison by Vehumet.
 19894 | Lair:2   | Reached skill level 10 in Fighting
 20406 | Lair:3   | Found a staircase to the Swamp.
 20574 | Lair:3   | Reached **** piety under Vehumet
 20805 | Lair:3   | Offered knowledge of Fireball by Vehumet.
 21075 | Lair:3   | Found a bloodstained altar of Trog.
 21075 | Lair:3   | Noticed gummybears's ghost (journeyman OpSh)
 21094 | Lair:3   | Found a transporter.
 21097 | Lair:3   | Found a transporter.
 21222 | Lair:3   | Found a staircase to the Snake Pit.
 21631 | Lair:4   | Learned a level 5 spell: Fireball
 21757 | D:8      | Bought a manual of Dodging for 960 gold pieces
 23191 | Lair:2   | Reached skill level 5 in Dodging
 24080 | Lair:4   | Found a viscous altar of Jiyva.
 24080 | Lair:4   | Found a staircase to the Slime Pits.
 24140 | Lair:4   | Reached XP level 13. HP: 69/82 MP: 15/19
 26964 | D:11     | Noticed Erolcha
 26969 | D:10     | Reached skill level 1 in Armour
 26969 | D:10     | Reached skill level 1 in Translocations
 27158 | Orc:1    | Entered Level 1 of the Orcish Mines
 27867 | Orc:1    | Noticed Urug
 27881 | Orc:1    | Killed Urug
 28391 | Orc:2    | Entered Level 2 of the Orcish Mines
 28391 | Orc:2    | Noticed Azrael
 28391 | Orc:2    | Found a staircase to the Elven Halls.
 29147 | Orc:1    | Reached ***** piety under Vehumet
 29435 | Orc:2    | Killed Azrael
 29749 | Orc:2    | Offered knowledge of Conjure Ball Lightning by Vehumet.
 30291 | Orc:2    | Reached skill level 5 in Armour
 31375 | Orc:2    | Reached skill level 5 in Spellcasting
 32641 | Orc:2    | Noticed Nergalle
 33094 | D:9      | Killed Erica
 34517 | Orc:2    | Noticed an orc warlord
 35045 | D:10     | Killed an orc warlord
 35046 | D:10     | Gained mutation: Your large and strong wings let you fly.
                  | [Gargoyle growth]
 35046 | D:10     | Reached XP level 14. HP: 82/86 MP: 7/23
 35579 | D:10     | Learned a level 6 spell: Conjure Ball Lightning
 35646 | D:10     | Noticed a frost giant
 35708 | D:10     | Killed a frost giant
 35976 | D:10     | Reached skill level 1 in Air Magic
 36388 | Orc:2    | Killed Nergalle
 37330 | Orc:2    | Found Zafaogae's Antique Weapon Boutique.
 37864 | Orc:2    | Found Pelejisu's Book Boutique.
 37880 | Orc:2    | Found Hason's General Store.
 37887 | Orc:2    | Bought a wand of mindburst (6) for 100 gold pieces
 37887 | Orc:2    | Bought a lightning rod (4/4) for 480 gold pieces
 37895 | Orc:2    | Found Tuel's Antique Armour Boutique.
 39215 | Lair:5   | Entered Level 5 of the Lair of Beasts
 39781 | Lair:4   | Reached skill level 10 in Armour
 40662 | Lair:5   | Offered knowledge of Iskenderun's Battlesphere by Vehumet.
 41108 | Lair:5   | Identified the ring of Elloshry {Ice Fly rCorr}
 41379 | Lair:5   | Found a basalt altar of Yredelemnul.
 42727 | Lair:5   | Reached skill level 5 in Air Magic
 42831 | Lair:5   | Identified the +8 arbalest of the Loving Ass {flame, rN+
                  | rCorr}
 43018 | D:10     | Reached XP level 15. HP: 92/92 MP: 15/24
 43069 | D:11     | Noticed Snorg
 43070 | D:11     | Killed Erolcha
 43262 | D:10     | Killed Snorg
 44208 | D:11     | Found Keselasm's Weapon Emporium.
 44238 | D:11     | Got the Grimoire of Dhcmrlchtdj
 44329 | D:11     | Got Ts'ui Pên's Compendium of Forking Paths
 44336 | D:11     | Got the Compilation of Combed Thunderclap
 44892 | D:12     | Learned a level 5 spell: Iskenderun's Battlesphere
 45019 | D:12     | Reached skill level 10 in Dodging
 47745 | D:13     | Found a runed translucent gate.
 47746 | D:13     | Found a runed translucent gate.
 47746 | D:13     | Noticed Liimbo's ghost (journeyman FoWn)
 47747 | D:13     | Found a runed translucent gate.
 47915 | D:13     | Found an iron altar of Okawaru.
 48317 | D:14     | Found a gate to the Vaults.
 50885 | D:15     | Entered Level 15 of the Dungeon
 51159 | D:14     | Reached XP level 16. HP: 100/100 MP: 15/28
 51429 | D:15     | Noticed Josephine
 51440 | D:14     | Killed Josephine
 51886 | D:15     | Noticed Nessos
 51894 | D:15     | Killed Nessos
 52215 | Swamp:1  | Entered Level 1 of the Swamp
 52301 | Swamp:1  | Offered knowledge of Bombard by Vehumet.
 52534 | Swamp:1  | Learned a level 6 spell: Bombard
 53311 | Swamp:2  | Noticed Roxanne
 53657 | Swamp:2  | Noticed a fenstrider witch
 53775 | Swamp:2  | Killed Roxanne
 54189 | Swamp:2  | Killed a fenstrider witch
 54278 | Swamp:2  | Noticed a thorn hunter
 56254 | Swamp:3  | Learned a level 5 spell: Freezing Cloud
 56258 | Swamp:4  | Entered Level 4 of the Swamp
 56268 | Swamp:4  | Reached skill level 1 in Ice Magic
 56274 | Swamp:4  | Noticed a thorn hunter
 56708 | Swamp:4  | Killed a thorn hunter
 56965 | Swamp:4  | Reached XP level 17. HP: 105/109 MP: 20/30
 57792 | Swamp:4  | Reached skill level 5 in Ice Magic
 57845 | Swamp:4  | Got a decaying rune of Zot
 58310 | Lair:3   | Killed gummybears's ghost
 58759 | Lair:4   | Identified the +4 dagger "Hohedova" {freeze, *Noise Fly
                  | rElec rC++}
 59184 | D:8      | Killed Biggs's ghost
 60332 | D:13     | Killed Liimbo's ghost
 61127 | D:15     | Found a shadowy altar of Dithmenos.
 61129 | D:15     | Found a shimmering altar of Xom.
 61477 | D:15     | Noticed Jorgrun
 61482 | D:15     | Found a staircase to the Depths.
 61484 | D:15     | Killed Jorgrun
 61584 | D:15     | Offered knowledge of Eringya's Noxious Bog by Vehumet.
 61714 | D:15     | Found a blossoming altar of Fedhas.
 61799 | D:15     | Reached skill level 15 in Conjurations
 62844 | D:15     | Reached skill level 15 in Earth Magic
 63713 | D:15     | Reached XP level 18. HP: 117/117 MP: 9/31
 63821 | D:15     | Learned a level 8 spell: Lehudib's Crystal Spear
 64011 | D:15     | Reached skill level 1 in Summonings
 65355 | D:15     | Got the Directory of Roasted Algor
 65386 | D:15     | Identified a scroll of acquirement
 65393 | D:15     | Identified the staff "Ipsyrabu" {Dex+6 Conj}
 65434 | D:15     | Acquired 1013 gold pieces
 65808 | Snake:1  | Entered Level 1 of the Snake Pit
 65812 | Snake:1  | Reached skill level 15 in Fighting
 65926 | Snake:1  | Reached ****** piety under Vehumet
 66627 | Snake:1  | Reached skill level 5 in Summonings
 67015 | Snake:1  | Offered knowledge of Plasma Beam by Vehumet.
 67776 | Snake:1  | Noticed Donald
 67781 | Snake:1  | Killed Donald
 68389 | Snake:1  | Found a shimmering blue altar of Sif Muna.
 69127 | Snake:2  | You are sucked into a shaft and drop 1 floor!
 69240 | Snake:2  | Found a broken altar of Ashenzari.
 69251 | Snake:2  | Reached skill level 10 in Spellcasting
 69915 | Snake:2  | Acquired the amulet of the Tempest {Reflect *Corrode rElec
                  | rC+++ Dex+3 SH+5}
 70912 | Snake:4  | Entered Level 4 of the Snake Pit
 70925 | Snake:4  | Reached XP level 19. HP: 87/125 MP: 7/33
 72176 | Snake:4  | Offered knowledge of Ozocubu's Refrigeration by Vehumet.
 72866 | Snake:4  | Got a serpentine rune of Zot
 73140 | Snake:4  | Noticed Mara
 73147 | Snake:4  | Noticed octoduck's illusion
 73149 | Snake:4  | Killed Mara
 74357 | Vaults:1 | Entered Level 1 of the Vaults
 75793 | Vaults:1 | Offered knowledge of Ignition by Vehumet.
 77049 | Vaults:2 | Reached XP level 20. HP: 126/132 MP: 22/35
 77741 | Vaults:2 | Reached skill level 10 in Shields
 77935 | Vaults:2 | Offered knowledge of Shatter by Vehumet.
 77935 | Vaults:2 | Offered knowledge of Polar Vortex by Vehumet.
 77935 | Vaults:2 | Offered knowledge of Maxwell's Capacitive Coupling by
                  | Vehumet.
 79601 | Vaults:3 | Reached skill level 10 in Summonings
 80196 | Vaults:2 | Upgraded the game from 0.31.0-11-ge490571c62 to
                  | 0.31.0-12-g77e489cdc1
 80643 | Vaults:3 | Found Qaffuwyl's General Store.
 80651 | Vaults:3 | Bought a scroll of blinking for 105 gold pieces
 81727 | Vaults:3 | Found a staircase to the Crypt.
 81799 | Vaults:3 | Paralysed by a sphinx for 5 turns
 82711 | Vaults:4 | Identified the +0 robe "Pefyfa" {rPois MP+9 SInv}
 83252 | Vaults:4 | Reached XP level 21. HP: 136/136 MP: 19/37
 84165 | Vaults:5 | Entered Level 5 of the Vaults
 84729 | Depths:1 | Entered Level 1 of the Depths
 84729 | Depths:1 | Found a gateway to Hell.
 84997 | Depths:1 | Paralysed by a sphinx for 5 turns
 85446 | Depths:1 | Found an ancient bone altar of Kikubaaqudgha.
 85944 | Depths:1 | Found a large runed translucent door.
 85944 | Depths:1 | Found a large runed translucent door.
 85945 | Depths:1 | Noticed Swimmer's ghost (journeyman MiFi)
 86146 | Depths:1 | Killed Swimmer's ghost
 86154 | Depths:1 | Identified the +8 chain mail "Rymeneonu" {Int+4}
 86421 | Depths:1 | Learned a level 7 spell: Summon Hydra
 87173 | Depths:2 | Found a one-way gate leading to the halls of Pandemonium.
 88092 | Depths:2 | Found a one-way gate to the infinite horrors of the Abyss.
 88319 | Depths:2 | Noticed a golden dragon
 88323 | Depths:2 | Killed a golden dragon
 88324 | Depths:2 | Reached XP level 22. HP: 142/142 MP: 17/39
 89707 | Depths:3 | Found a one-way gateway to a ziggurat.
 89731 | Depths:3 | Identified the ring of the Burgomaster {rF+ SInv}
 89831 | Depths:3 | Noticed a golden dragon
 89838 | Depths:2 | Killed a golden dragon
 89989 | Depths:3 | Noticed Parghit
 90656 | Depths:2 | Paralysed by a sphinx for 4 turns
 90942 | Depths:3 | Killed Parghit
 91288 | Depths:3 | Identified the staff of Keplag {rElec rCorr Conj Earth}
 91413 | Depths:3 | Found Nomos's Jewellery Shoppe.
 91413 | Depths:3 | Found Pucwat's Book Shop.
 91414 | Depths:3 | Found Eklidel's Book Shop.
 91486 | Depths:3 | Identified the orb "Aricash" {*channel, MP+9 Str+3 Int+2
                  | Stlth-}
 91486 | Depths:3 | Noticed Frederick
 91490 | Depths:3 | Killed Frederick
 92348 | Depths:4 | Entered Level 4 of the Depths
 93097 | Depths:4 | Noticed a golden dragon
 93104 | Depths:4 | Killed a golden dragon
 93173 | Depths:4 | Noticed Boris
 93230 | Depths:4 | Killed Boris
 93513 | Depths:4 | Noticed a golden dragon
 93518 | Depths:4 | Noticed a golden dragon
 93996 | Depths:4 | Reached XP level 23. HP: 129/147 MP: 26/40
 94172 | Depths:4 | Killed a golden dragon
 94309 | Depths:4 | Killed a golden dragon
 94638 | Depths:4 | Learned a level 9 spell: Shatter
 94657 | Depths:4 | Found a gate to the Realm of Zot.
 95765 | Vaults:5 | Noticed a dread lich
 95775 | Vaults:5 | Killed a dread lich
 95835 | Vaults:5 | Noticed a golden dragon
 95840 | Vaults:5 | Noticed Margery
 95843 | Vaults:5 | Noticed a dread lich
 95845 | Vaults:5 | HP: 4/147 [stone giant (16)]
 96274 | Vaults:4 | Killed a golden dragon
 96574 | Vaults:5 | Noticed a dread lich
 96936 | Vaults:5 | Reached skill level 15 in Summonings
 96974 | Vaults:5 | Killed a dread lich
 97409 | Vaults:5 | Noticed a golden dragon
 97411 | Vaults:5 | Killed a golden dragon
 97681 | Vaults:5 | Identified the +1 long sword "Imalur" {chaos, rPois rN+}
 97758 | Vaults:5 | Reached XP level 24. HP: 152/152 MP: 33/40
 97792 | Vaults:5 | Learned a level 7 spell: Malign Gateway
 98026 | Vaults:5 | Identified the ring "Nosheg" {+Blink Fly rC- Dex+2}
 98044 | Vaults:5 | Reached skill level 5 in Translocations
 98330 | Vaults:5 | Identified the +8 dagger "Mamufes" {elec, *Rage rF+ rC+
                  | Will+ Str-2}
 98643 | Vaults:5 | Identified the +1 robe of Vanity {Harm rN+}
 98657 | Vaults:5 | Killed Margery
 98902 | Vaults:5 | Identified the ring of Jith {rC+ Will+ rCorr Dex+3 Slay-5}
 99654 | Vaults:5 | Noticed a dread lich
 99658 | Vaults:5 | Paralysed by a dread lich for 4 turns
 99664 | Vaults:5 | Killed a dread lich
 99665 | Vaults:5 | Identified the +4 broad axe "Ytryrph" {holy, rPois Str+3}
 99858 | Vaults:5 | Killed a dread lich
 99968 | Vaults:5 | Identified the staff "Rofoacw" {rPois Dex-3 Conj Earth}
100548 | Vaults:5 | Got a silver rune of Zot
100804 | Elf:1    | Entered Level 1 of the Elven Halls
100972 | Elf:1    | Found a radiant altar of Vehumet.
101030 | Elf:1    | Identified the +8 long sword "Wisuv" {pain, rPois Dex+2
                  | Stlth+}
101408 | Elf:1    | Paralysed by an air elemental for 1 turns
103173 | Elf:2    | Found a runed translucent gate.
103173 | Elf:2    | Found a runed translucent gate.
103183 | Elf:2    | Found a runed translucent gate.
103618 | Elf:2    | Reached skill level 10 in Translocations
104021 | Elf:3    | Entered Level 3 of the Elven Halls
104409 | Elf:3    | Found Qycael's General Store.
104866 | Elf:3    | Identified the amulet of the Philosopher {rElec Regen+
                  | Slay+2}
104901 | Elf:3    | Reached XP level 25. HP: 142/157 MP: 20/40
105378 | Elf:3    | Identified the ring of Meeck {Fly Will+ Dex+6}
105486 | Elf:3    | Found the +3 Elemental Staff {ele, rElec rF+ rC+ AC+3}
105502 | Elf:3    | Identified the +8 falchion of Misery {holy, rElec rPois
                  | Str-2 SInv}
106524 | Slime:1  | Entered Level 1 of the Pits of Slime
106538 | Slime:1  | Gained mutation: You are agile. (Dex +4, Str/Int -1) [a
                  | shining eye]
110995 | Slime:5  | Entered Level 5 of the Pits of Slime
110996 | Slime:5  | Found the +7 sceptre of Torment {pain, torment}
111589 | Slime:5  | Gained mutation: Your body sometimes deteriorates upon
                  | taking damage. [a shining eye]
112102 | Slime:5  | Noticed the Royal Jelly
112119 | Slime:5  | Killed the Royal Jelly
112796 | Slime:5  | Got a slimy rune of Zot
112824 | Slime:5  | Identified the +6 battleaxe of Sudden Death {drain, rC+++
                  | Str+4 Dex-2 Stlth-}
113073 | Slime:5  | Got the Codex of Puissant Portals
113077 | Slime:5  | Identified the +6 quarterstaff "Cuturgh" {vamp, rC++ Str+3}
113220 | Slime:5  | Identified the +5 orcbow "Unoxu" {freeze, rC+ Int+2}
114055 | Crypt:1  | Entered Level 1 of the Crypt
115663 | Crypt:1  | Reached XP level 26. HP: 173/173 MP: 34/40
116012 | Crypt:1  | Identified the +4 spear of octoduck's Destruction {freeze,
                  | rPois rC+}
116850 | Crypt:2  | Identified the +2 ring mail of Analysis {*Slow rF+ Str+2
                  | Int+7}
116922 | Crypt:2  | Found a transporter.
116924 | Crypt:2  | Noticed Nyubb's ghost (veteran MiGl)
116928 | Crypt:2  | Found a transporter.
116928 | Crypt:2  | Found the amulet of the Four Winds {rN+ Will+++ Clar}
118346 | Crypt:3  | Entered Level 3 of the Crypt
118837 | Crypt:3  | Identified the +8 morningstar of Massacring {freeze, rPois}
119260 | Crypt:3  | Noticed a dread lich
119271 | Crypt:3  | Killed a dread lich
120539 | Crypt:3  | Found an ancient bone altar of Kikubaaqudgha.
120551 | Crypt:3  | Found a basalt altar of Yredelemnul.
120750 | Crypt:3  | Found a staircase to the Tomb.
120990 | Crypt:3  | Got Kikubaaqudgha's Octavo of Gloom
120991 | Crypt:3  | Identified the +9 eveningstar of Righteous Anger {elec,
                  | *Corrode rC++ SInv Stlth+}
121506 | Zot:1    | Entered Level 1 of the Realm of Zot
121925 | Zot:1    | Identified the +10 dagger "Ucogazo" {venom, Int+3}
122185 | Zot:1    | Acquired the +1 pair of gloves "Sext" {rC++}
122438 | Zot:2    | Learned a level 5 spell: Borgnjor's Vile Clutch
122533 | Zot:2    | Found a runed translucent gate.
122533 | Zot:2    | Found a runed translucent gate.
122533 | Zot:2    | Found a runed translucent gate.
122534 | Zot:2    | Noticed bayes525's ghost (veteran MiBe)
122534 | Zot:2    | Noticed a dread lich
122534 | Zot:2    | Noticed an ancient lich
122582 | Zot:2    | Reached skill level 1 in Necromancy
123212 | Zot:2    | Noticed an orb of fire
123255 | Zot:2    | Killed an orb of fire
124052 | Zot:2    | Identified the +6 plate armour "Xiust" {Will- Int+6}
124805 | Zot:3    | Reached XP level 27. HP: 174/184 MP: 32/41
125168 | Zot:3    | Reached skill level 5 in Necromancy
128323 | Zot:5    | Entered Level 5 of the Realm of Zot
128444 | Zot:5    | Found a transporter.
128449 | Zot:5    | Found a transporter.
129155 | Zot:5    | Found a transporter.
129215 | Zot:5    | Found a transporter.
129221 | Zot:5    | Found a transporter.
129241 | Zot:5    | Found a transporter.
130647 | Zot:5    | Noticed a dread lich
130658 | Zot:5    | Paralysed by a dread lich for 5 turns
130670 | Zot:5    | Paralysed by a dread lich for 3 turns
130674 | Zot:5    | Killed a dread lich
130744 | Zot:5    | Noticed an orb of fire
130752 | Zot:5    | Killed an orb of fire
131897 | Zot:5    | Noticed an orb of fire
131906 | Zot:5    | Lost mutation: You are agile. (Dex +4, Str/Int -1) [an orb
                  | of fire]
131917 | Zot:5    | Gained mutation: Your spells are a little easier to cast,
                  | but a little less powerful. [an orb of fire]
131919 | Zot:5    | Killed an orb of fire
132373 | Zot:5    | Noticed an orb of fire
132374 | Zot:5    | Gained mutation: You are frail. (-10% HP) [an orb of fire]
132396 | Zot:5    | Killed an orb of fire
132865 | Zot:5    | Noticed a dread lich
132875 | Zot:5    | Gained mutation: You sometimes lose your temper in combat.
                  | [a cacodemon]
132877 | Zot:5    | Killed a dread lich
135764 | Zot:5    | Noticed an orb of fire
135774 | Zot:5    | Killed an orb of fire
136000 | Zot:5    | Noticed an orb of fire
136003 | Zot:5    | Noticed an ancient lich
136007 | Zot:5    | Killed an orb of fire
136011 | Zot:5    | Killed an ancient lich
136012 | Zot:5    | Reached skill level 10 in Necromancy
136363 | Zot:5    | Noticed an orb of fire
136378 | Zot:5    | Killed an orb of fire
136735 | Zot:5    | Got the Orb of Zot
136835 | Zot:1    | Noticed Daeniat the pandemonium lord
136964 | Depths:2 | Noticed Daskub the pandemonium lord
137229 | D:11     | Noticed Plog the pandemonium lord
137492 | D:$      | Escaped with the Orb!

Illustrated notes

Levels and vault maps discovered:
D:1:      erik_arrival_cave_to_civilisation [erik_arrival_cave_to_hall],
          layout_basic, serial_glass, glass_columns_b, glass_columns_b,
          glass_columns_b, glass_columns_a, glass_columns_b, glass_columns_b,
          glass_columns_c, glass_columns_a
D:2:      layout_loops_corners, ebering_ecumenical_altar_rust, basic_altar,
          hangedman_decor_slide_cut
D:3:      layout_basic, hellmonk_okawaru_the_only_friend_you_need,
          serial_rivers, chequers_serial_rivers_room_b,
          chequers_serial_rivers_micro_d, chequers_serial_rivers_marsh,
          chequers_serial_rivers_room_b
D:4:      minmay_chambers_of_threes, layout_cave_pools, uniq_ijyb, uniq_grinder
D:5:      layout_cave_pods, serial_shops, shop, uniq_eustachio
D:6:      layout_rooms, nicolae_ru_the_path_less_chosen,
          minmay_temple_entry_statues_fountains, uniq_edmund
D:7:      layout_basic, uniq_jeremiah
D:8:      layout_basic, ebering_ghost_disaster_area, hangedman_glass_garden,
          minmay_shop_grid_forest, kennysheep_generic_room_8
D:9:      statuecave_lemuel, layout_basic, uniq_erica
D:10:     minmay_twisted_water, layout_loops_ring,
          mainiacjoe_overflow_surrounded_room, orc_0_dummy
D:11:     layout_rooms, serial_shops, shop, minivault_16,
          bh_hangedman_babel_library, uniq_erolcha, uniq_snorg
D:12:     layout_basic, laboratory
D:13:     layout_basic, gammafunk_ghost_fury_of_okawaru
D:14:     layout_gridville, lightli_vaults_fourway_checkpoint, minivault_4,
          dk_noncrumbling_3
D:15:     hangedman_slaughterboxes, uniq_nessos, uniq_jorgrun, uniq_josephine
Temple:   hellmonk_temple_divided_pantheon
Lair:1:   layout_loops_ring, nicolae_quartered_pool_super, serial_bayou_shore_b
Lair:2:   regret_index_wax_grids, layout_regular_city
Lair:3:   layout_regular_city, swamp_mist, guppyfry_snake_entry_garden,
          gammafunk_ghost_wrathful_warriors, serial_bayou_shore_a
Lair:4:   minmay_lair_oklob_tunnel, layout_regular_city,
          minmay_slime_entry_jelly_boxes, beast_lair_carwin_3
Lair:5:   guppyfry_lair_end_dragon, layout_cave_shapes, lemuel_centaur_altar,
          lemuel_fruit_tree
Swamp:1:  layout_basic_swamp, nicolae_swamp_trees_clearing
Swamp:2:  layout_falls_marsh, hangedman_swamp_pad, swamp_pool_1_2, uniq_roxanne
Swamp:3:  layout_basic_swamp, evilmike_swamp_ruin_rubble_2, swamp_pool_3,
          nicolae_swamp_stair_fork, cheibrodos_swamp_pet_leeches
Swamp:4:  swamp_alternative, layout_basic_swamp
Snake:1:  layout_rooms, serial_library, serial_library_hellmonk_room_c,
          serial_library_hellmonk_small_alcove,
          serial_library_hellmonk_big_corner, serial_library_hellmonk_room_a,
          serial_library_hellmonk_junction, serial_library_hellmonk_statue_hall,
          serial_bayou_pond_d, st_stairs_2, nicolae_snake_shapes, uniq_donald
Snake:2:  layout_rooms, basic_altar
Snake:3:  layout_layer_cave
Snake:4:  minmay_snake_end_coiled, layout_cave_town, uniq_mara
Slime:1:  layout_caves
Slime:2:  layout_caves, nicolae_slime_getting_an_eyeful
Slime:3:  layout_caves, cheibrodos_slime_lost_civilization_6
Slime:4:  layout_caves, nicolae_slime_phagocytosis
Slime:5:  slime_pit_nicolae_inversion
Orc:1:    layout_caves, uniq_urug
Orc:2:    grunt_orc_cross, layout_caves, uniq_azrael
Elf:1:    eino_elf_arrival_altar, layout_loops_ring,
          nicolae_elf_blasts_and_bolts
Elf:2:    nicolae_elf_blades_splatter_lattice [nicolae_blade_entry_pointy_end],
          layout_onion_city
Elf:3:    minmay_elf_hall_spiked, layout_loops_ring, serial_shops,
          nicolae_lakefront_shop
Vaults:1: nicolae_vaults_ellipses_ellipsis, nicolae_vaults_sightless_eye,
          nicolae_vaults_trapezoid_3, hangedman_vaults_pinch,
          nicolae_vaults_big_angled_halls, nicolae_vaults_offset_grid_hallway_1,
          v_misc_10, nicolae_vaults_network_star, nicolae_vaults_tangram_2,
          vaults_room_grunt_arrival_ludios, layout_vaults_maze_snakey
Vaults:2: vaults_room_grid, nicolae_vaults_trapezoid_lopsided_3,
          nicolae_vaults_tangram_2, v_misc_12, nicolae_vaults_tetromino_Z_1,
          vaults_dpeg_hooks, nicolae_vaults_bisected_slash,
          vaults_mumra_hexcomb, nicolae_vaults_little_squares_1,
          vaults_room_hallway, layout_vaults_omnigrid
Vaults:3: nicolae_vaults_gold_heap, nicolae_vaults_little_squares_5,
          minmay_crypt_entry_simple_sparse, v_pattern_3,
          nicolae_vaults_little_squares_5, ontoclasm_vaults_idyll, v_misc_32,
          vaults_room_stairs_pillars, nicolae_vaults_diffraction_hallways,
          nicolae_vaults_more_shelving_1, dpeg_vaults_monster_box,
          nicolae_vaults_specimen_jars, layout_vaults_omnicross, serial_shops,
          shop
Vaults:4: nicolae_vaults_circle_grid_a, nicolae_vaults_mini_display_case,
          nicolae_vaults_diamond_2, nicolae_vaults_surprise_closet, v_pattern_1,
          serial_library_hellmonk_open_cross,
          nicolae_vaults_doubleplus_tesselated, hangedman_vaults_snaps,
          grunt_vaults_hallway_long, ontoclasm_vaults_claustrophobia,
          nicolae_vaults_triangles, grunt_vaults_focal, vaults_room_fancy_cross,
          v_misc_16, layout_vaults_omnibox
Vaults:5: uniq_margery
Crypt:1:  layout_misc_corridors
Crypt:2:  layout_misc_corridors, gammafunk_ghost_abyssal_escape
Crypt:3:  lightli_unholy_cathedral, layout_chaotic_city,
          nicolae_tomb_entry_rubble_hallway, grunt_megastairs_2
Depths:1: layout_cross, hell_entry, ebering_ghost_disaster_area,
          serial_sigils_hangedman_scratch, drop_trap, kiku_gazebo_garden_becter
Depths:2: minmay_isolated_rectangles_in_corner, layout_basic, hell_entry,
          minmay_misc_feat_more_columns, rand_demon_pan_entry_5,
          nicolae_abyss_entry_one_way_or_another, serial_bayou,
          serial_bayou_pond_a, serial_bayou_shore_b, serial_bayou_lagoon_a,
          serial_bayou_pond_a, serial_bayou_pond_c, serial_bayou_pond_d
Depths:3: minmay_the_grid_square_5x5_3x3 [minmay_the_grid_square_5x5_inset,
          minmay_the_grid_square_5x5_moneybag,
          minmay_the_grid_square_5x5_inner_z,
          minmay_the_grid_square_5x5_sharp_hourglass,
          minmay_the_grid_square_5x5_megaprize_checkered,
          minmay_the_grid_square_5x5_plus, minmay_the_grid_square_5x5_hourglass,
          minmay_the_grid_square_5x5_n, minmay_the_grid_square_5x5_two_small],
          layout_gridville, enter_ziggurat_c, abyss_entry_crystal, hell_entry,
          grunt_pan_entry_spiral, nicolae_lava_and_water,
          hangedman_cracks_in_the_wall, minmay_shop_grove, uniq_frederick,
          uniq_parghit
Depths:4: grunt_crosshair, layout_cave_pools, hell_entry, minmay_crystal_room,
          hangedman_abyss_entry_splay, pan_entry, uniq_boris
Zot:1:    layout_misc_corridors
Zot:2:    layout_twisted_circle, gammafunk_ghost_necromancy
Zot:3:    layout_gridlike, regret_index_zotdec_barnacled_simple
Zot:4:    layout_misc_corridors
Zot:5:    layout_gridlike, serial_nicolae_subway, nicolae_sub_station_stone,
          nicolae_sub_station_metal, nicolae_sub_station_crystal

Skill      XL: |  1  2  3  4  5  6  7  8  9 10 11 12 13 14 15 16 17 18 19 20 21 22 23 24 25 26 27 |
---------------+----------------------------------------------------------------------------------+-----
Earth Magic    | 4 5 6 7 8 10 11 12 14 15 16 18 19 22 23 24 | 24.6
Conjurations   | 2 3 4 5 6 7 9 10 11 12 14 15 16 17 | 17.2
Stealth        | 5 |  5.5
Fighting       | 3 6 7 9 10 11 13 14 15 16 17 19 21 24 | 24.2
Shields        | 5 8 12 | 12.9
Fire Magic     | 2 5 6 7 |  7.5
Evocations     | 5 6 |  6.2
Spellcasting   | 4 6 8 9 10 11 12 13 14 | 14.0
Dodging        | 7 9 10 12 13 | 13.4
Armour         | 6 11 | 11.9
Translocations | 3 10 13 14 | 14.9
Air Magic      | 5 |  5.0
Ice Magic      | 3 6 |  6.5
Summonings     | 5 8 10 11 13 15 | 15.4
Necromancy     | 4 10 | 10.2

Action                     |  1- 3 |  4- 6 |  7- 9 | 10-12 | 13-15 | 16-18 | 19-21 | 22-24 | 25-27 || total
---------------------------+-------+-------+-------+-------+-------+-------+-------+-------+-------++-------
  Melee: Dagger            |    11 |       |       |     2 |       |       |       |       |       ||    13
         Staff             |       |       |     8 |    14 |   111 |    49 |   119 |   265 |   143 ||   709
  Throw: Dart              |       |       |       |       |       |       |     1 |       |       ||     1
   Cast: Sandblast         |    66 |    76 |    90 |   181 |   316 |   372 |   207 |   205 |   341 ||  1854
         Stone Arrow       |       |       |    24 |    89 |   215 |   210 |   183 |    58 |       ||   779
         Foxfire           |       |       |    52 |   195 |   131 |       |       |       |       ||   378
         Brom's Barrelling |       |       |     5 |    46 |    71 |     1 |       |       |       ||   123
         Blink             |       |       |       |     3 |    23 |       |       |       |     1 ||    27
         Fireball          |       |       |       |     4 |   123 |    41 |     8 |    14 |    28 ||   218
         Conjure Ball Ligh |       |       |       |       |    39 |    10 |    31 |    17 |     8 ||   105
         Iskenderun's Batt |       |       |       |       |    40 |   137 |    54 |    50 |    81 ||   362
         Bombard           |       |       |       |       |       |    35 |       |       |       ||    35
         Freezing Cloud    |       |       |       |       |       |   163 |   195 |   157 |    89 ||   604
         Lehudib's Crystal |       |       |       |       |       |     5 |    53 |   128 |   179 ||   365
         Summon Hydra      |       |       |       |       |       |       |     4 |    21 |       ||    25
         Shatter           |       |       |       |       |       |       |       |     5 |     7 ||    12
         Malign Gateway    |       |       |       |       |       |       |       |     9 |   110 ||   119
         Borgnjor's Vile C |       |       |       |       |       |       |       |       |   111 ||   111
  Evoke: Wand              |       |       |     4 |    20 |    19 |     7 |     1 |    13 |    20 ||    84
         Lightning rod     |       |       |       |       |       |     3 |       |     4 |     7 ||    14
         Phantom mirror    |       |       |       |       |       |       |       |     1 |       ||     1
    Use: Scroll            |     1 |     6 |     6 |     9 |     9 |    13 |     2 |    11 |    13 ||    70
         Potion            |       |     1 |       |     4 |     4 |       |       |     4 |     6 ||    19
   Stab: Sleeping          |       |       |       |       |     2 |       |       |     2 |       ||     4
         Distracted        |       |       |       |       |       |       |       |     1 |     2 ||     3
         Confused          |       |       |       |       |       |       |       |       |     1 ||     1
 Armour: Robe              |    19 |    30 |    65 |   263 |    10 |       |   522 |   708 |   659 ||  2276
         Leather armour    |       |       |       |       |   627 |   608 |    17 |       |       ||  1252
  Dodge: Dodged            |    22 |    17 |    49 |   182 |   521 |   370 |   199 |   283 |   422 ||  2065
         Repelled          |       |       |       |     4 |    14 |    46 |    12 |    23 |    33 ||   132
  Block: Buckler           |       |       |       |    67 |   171 |   155 |    40 |       |       ||   433
         Reflection        |       |       |       |       |       |     3 |    70 |    61 |    23 ||   157
         Kite shield       |       |       |       |       |       |       |   297 |   523 |   773 ||  1593
